Map: Berlingrad LE

Players

couchman

  • Race: Terran Terran

HORSES - Winner!

  • Race: Zerg Zerg

VOD

Have the link to the VOD?

Description

Time

  • Played on: Dec. 13, 2021, 3:34 a.m.
  • Length: 23:08
Show
View Real Time Build Order
Export as new Build Order

couchman Terran 

Build Orders:  

Get SALT Encoding   

  12  0:00  SCV  
  13  0:12  SCV  
  14  0:20  Supply Depot  
  14  0:24  SCV  
  15  0:42  SCV  
  16  0:48  Refinery  
  16  0:54  SCV  
  17  1:03  Barracks  
  17  1:06  SCV  
  18  1:18  SCV  
  19  1:30  SCV  
  19  1:31  Refinery  
  20  1:37  Engineering Bay  
  20  1:42  SCV  
  21  1:53  Barracks Tech Lab  
  21  1:54  SCV  
  21  1:55  Supply Depot  
  22  2:03  Factory  
  22  2:06  SCV  
  23  2:17  Marine  
  23  2:18  SCV  
  25  2:31  Orbital Command  
  25  2:34  Terran Infantry Weapons Level 1  
  25  2:35  Marine  
  26  2:45  Combat Shield  
  26  2:54  Marine  
  27  2:58  Command Center  
  27  3:12  Starport  
  27  3:22  Marine  
  28  3:30  SCV  
  29  3:39  Marine  
  30  3:42  SCV  
  31  3:51  Starport Tech Lab  
  31  3:52  Fusion Core  
  31  4:04  Supply Depot, Stimpack  
  31  4:09  Marine  
  31  4:10  SCV  
  31  4:11  SCV  
  34  4:22  SCV  
  34  4:23  SCV  
  36  4:26  Supply Depot  
  36  4:34  SCV  
  36  4:35  SCV  
  38  4:45  Viking  
  40  4:47  SCV  
  41  4:54  Terran Infantry Armor Level 1  
  41  4:59  SCV  
  42  5:02  Factory Reactor, Armory  
  42  5:06  SCV  
  43  5:11  SCV  
  43  5:13  Supply Depot  
  44  5:15  Marine, Viking  
  44  5:19  SCV  
  48  5:23  SCV  
  49  5:29  Refinery  
  49  5:31  SCV  
  49  5:33  Marine  
  51  5:59  Supply Depot  
  51  6:01  SCV  
  51  6:03  SCV  
  53  6:07  Refinery  
  53  6:16  SCV  
  53  6:18  Widow Mine x2  
  58  6:20  Battlecruiser  
  64  6:35  Supply Depot  
  64  6:38  SCV  
  64  6:39  Widow Mine  
  67  6:50  SCV  
  68  7:02  SCV  
  69  7:20  SCV  
  70  7:25  Supply Depot  
  67  7:49  Supply Depot  
  62  8:12  Supply Depot  
  62  8:19  Orbital Command  
  63  8:43  Reaper  
  63  8:50  Barracks  
  63  8:54  Battlecruiser  
  69  9:15  Reaper  
  69  9:16  Command Center  
  70  9:21  Command Center  
  70  9:38  Barracks Reactor  
  70  9:40  Barracks  
  70  9:47  Reaper  
  71  9:54  Widow Mine x2  
  71  9:58  Battlecruiser, Terran Infantry Weapons Level 2  
  81  10:05  Terran Ship Weapons Level 1  
  81  10:15  Widow Mine x2  
  81  10:19  Reaper  
  86  10:30  Barracks  
  86  10:32  SCV  
  86  10:34  SCV  
  88  10:43  Barracks Reactor  
  88  10:44  SCV  
  88  10:46  SCV  
  90  10:51  Reaper  
  90  10:57  SCV  
  92  10:58  SCV  
  92  11:03  Battlecruiser  
  99  11:09  SCV  
  99  11:11  SCV  
  101  11:18  Barracks  
  99  11:23  Reaper  
  90  11:42  Barracks Reactor  
  90  11:44  Reaper x4  
  88  11:56  Reaper  
  88  12:00  Terran Vehicle And Ship Armor Level 1  
  87  12:07  Viking  
  89  12:13  Terran Infantry Armor Level 2  
  83  12:16  Reaper x4  
  87  12:28  Reaper  
  82  12:36  Viking  
  74  12:48  Reaper x4  
  65  13:00  Reaper  
  65  13:16  SCV  
  65  13:18  SCV  
  67  13:28  Barracks Reactor, SCV  
  67  13:29  Reaper x2  
  70  13:35  Supply Depot  
  70  13:57  Reaper x5, SCV x2  
  70  13:59  Supply Depot  
  77  14:09  SCV  
  78  14:20  SCV  
  78  14:23  Supply Depot  
  79  14:40  Terran Vehicle And Ship Armor Level 2  
  79  14:43  Terran Infantry Armor Level 3  
  79  14:46  Supply Depot  
  71  15:08  Supply Depot  
  69  15:16  Orbital Command  
  69  15:20  Reaper x4  
  69  15:21  Reaper x5  
  78  15:30  Supply Depot  
  78  15:52  Reaper x3  
  78  15:53  Reaper x6  
  78  15:54  Supply Depot  
  87  15:57  Command Center  
  87  16:12  Viking  
  87  16:13  Refinery  
  87  16:16  Widow Mine  
  87  16:17  Supply Depot, Refinery  
  91  16:24  Reaper x2  
  93  16:28  Marine x3  
  93  16:29  Marine x4  
  100  16:40  Supply Depot  
  100  16:42  Viking  
  100  16:46  Marine x4  
  100  16:47  Marine x3  
  109  16:56  Marine x2, Terran Ship Weapons Level 2  
  111  17:04  Marine x6  
  111  17:05  Marine  
  118  17:14  Marine x2  
  115  17:20  Terran Infantry Weapons Level 3  
  115  17:22  Marine x7  
  120  17:31  Missile Turret  
  120  17:33  Planetary Fortress  
  120  17:51  Bunker  
  120  18:02  Viking  
  122  18:14  Ghost Academy  
  122  18:32  Viking  
  124  18:34  Command Center  
  124  18:47  Supply Depot  
  124  18:54  Marine x2  
  124  18:55  Marine x6  
  129  18:56  Marine  
  129  19:02  Viking  
  135  19:10  Supply Depot  
  135  19:12  Marine x3  
  135  19:13  Marine x6  
  144  19:30  Marine x4  
  144  19:31  Marine x3  
  150  19:33  Supply Depot  
  151  19:42  Refinery  
  151  19:46  Refinery  
  151  19:55  Supply Depot  
  151  19:57  Neosteel Armor  
  135  20:19  Supply Depot  
  129  20:41  Supply Depot  
  99  20:51  Marine x4  
  99  20:52  Marine x5  
  105  21:03  Supply Depot  
  101  21:09  Marine x6  
  100  21:37  Hi-Sec Auto Tracking  
Show
View Real Time Build Order
Export as new Build Order

HORSES Zerg - Winner!

Build Orders: Pool First 

Get SALT Encoding   

  12  0:01  Drone  
  13  0:28  Overlord x2  
  13  0:36  Drone  
  14  1:02  Drone x3  
  17  1:20  Spawning Pool  
  17  1:24  Hatchery  
  15  1:26  Drone  
  15  1:30  Drone  
  17  2:14  Queen  
  19  2:19  Drone x3  
  22  2:31  Drone  
  22  2:37  Drone  
  24  2:43  Queen  
  26  2:50  Queen  
  28  2:51  Extractor  
  28  2:52  Drone x2  
  29  3:03  Drone x2  
  31  3:16  Drone  
  31  3:19  Queen, Overlord x2  
  34  3:42  Zergling x8  
  34  3:45  Zergling x6  
  41  3:52  Drone  
  42  4:18  Metabolic Boost  
  42  4:20  Drone  
  42  4:21  Drone x3  
  42  4:23  Drone  
  42  4:24  Drone x3  
  50  4:35  Zergling x2  
  50  4:37  Overlord  
  51  4:44  Lair  
  51  4:46  Zergling x2  
  51  4:49  Overlord  
  51  4:50  Overlord x2  
  52  5:44  Zergling x4  
  52  5:45  Zergling x4  
  56  6:05  Drone x3  
  56  6:06  Drone x3  
  62  6:26  Evolution Chamber  
  61  6:33  Roach Warren  
  61  6:35  Extractor  
  61  6:36  Extractor  
  61  6:38  Extractor  
  57  6:40  Drone x2  
  57  6:41  Drone  
  57  6:46  Drone x3  
  63  6:56  Zergling x4  
  63  6:57  Zergling x4  
  67  7:05  Zerg Melee Weapons Level 1  
  67  7:11  Drone x2  
  67  7:13  Drone x2  
  67  7:14  Drone x2  
  68  8:25  Spire  
  68  8:27  Drone x2, Spire  
  68  9:13  Roach x5  
  78  9:32  Roach x3  
  84  10:04  Overlord  
  84  10:05  Overlord x3  
  84  10:08  Overlord x3  
  84  10:09  Overlord  
  84  10:35  Zergling x12  
  89  10:36  Zergling x10  
  89  10:38  Hatchery  
  89  10:40  Zerg Ground Armor Level 1  
  94  10:45  Evolution Chamber  
  94  10:47  Evolution Chamber  
  94  10:48  Zerg Flyer Armor Level 1, Zerg Flyer Weapons Level 1  
  92  10:50  Overlord x2  
  92  10:51  Overlord  
  92  10:53  Corruptor x6  
  92  10:54  Corruptor  
  106  11:23  Zerg Missile Weapons Level 1  
  106  11:24  Zerg Melee Weapons Level 2  
  65  12:59  Roach x5  
  65  13:04  Corruptor x2  
  73  13:07  Corruptor x3  
  78  13:12  Drone  
  78  13:13  Drone x2  
  79  13:38  Zerg Missile Weapons Level 2  
  79  13:39  Zerg Ground Armor Level 2  
  79  13:54  Infestation Pit  
  78  14:18  Corruptor x3  
  78  14:19  Corruptor x3  
  78  14:23  Roach x8  
  106  14:26  Glial Reconstitution  
  106  14:30  Zerg Flyer Weapons Level 2  
  106  14:31  Zerg Flyer Armor Level 2  
  106  14:34  Hive  
  106  14:35  Lair  
  106  14:37  Drone x3  
  109  14:40  Queen  
  105  15:15  Corruptor x4  
  105  15:16  Corruptor  
  115  15:24  Roach x4  
  123  15:29  Roach x5  
  123  15:30  Roach  
  123  15:31  Zergling x4  
  123  15:34  Corruptor x3  
  143  15:48  Extractor  
  142  15:51  Extractor  
  142  15:54  Corruptor  
  143  15:58  Zerg Melee Weapons Level 3  
  143  16:20  Drone  
  143  16:21  Drone x2  
  143  16:23  Hatchery  
  145  16:28  Overlord  
  145  16:29  Overlord x2  
  145  16:31  Adrenal Glands  
  145  16:47  Drone x2  
  147  16:50  Drone x2  
  147  16:51  Drone  
  150  17:04  Zerg Missile Weapons Level 3  
  150  17:05  Zerg Ground Armor Level 3  
  147  17:30  Zergling x6  
  147  17:31  Zergling x6  
  153  17:54  Zergling x12  
  153  17:55  Zergling x10  
  153  17:56  Zergling x8  
  168  18:06  Zergling x8  
  168  18:07  Zergling x2  
  168  18:08  Extractor  
  168  18:11  Zergling x6  
  175  18:22  Zergling x2  
  176  19:22  Roach x3  
  176  19:23  Roach x9  
  170  20:07  Zergling x6  
  170  20:11  Zergling x8  
  170  20:12  Zergling x12  
  177  20:15  Zergling x16  
  100  20:53  Zergling x6  
  100  20:54  Zergling x12  
  93  21:06  Roach x3  
  93  21:07  Roach x6  
  65  21:48  Roach x5  
  65  21:49  Roach x2  
  77  22:31  Zergling x4  
  77  22:32  Zergling x8  
Tags
 
Matchup
TvZ
Opening
Pool First
Replay Pack
re
Add a new tag
Caveats
  • Supply blocks, unpowered buildings, or Contaminate may cause inaccurate times.
  • Supply counts are checked every 10 seconds.